 Dungeon Crawl Stone Soup version 0.16-a0-3178-g2c88c44 (webtiles) character file.

1266 Johnny the Bolt Thrower (level 8, 14/61 HPs)
             Began as a Human Hunter on Dec 17, 2014.
             Quit the game on level 1 of the Abyss.
             The game lasted 00:08:31 (3428 turns).

Johnny the Bolt Thrower (Human Hunter)              Turns: 3428, Time: 00:08:32

Health: 14/61      AC:  8    Str: 13      XL:     8   Next: 82%
Magic:  8/8        EV: 14    Int: 12      God:
Gold:   126        SH:  0    Dex: 14 (15) Spells: 0 memorised, 7 levels left

rFire  . . .     SeeInvis +     a - +0 short sword
rCold  . . .     Clarity  .     d - +0 leather armour
rNeg   . . .     SustAb   .     (no shield)
rPois  .         Gourm    .     m - +2 helmet
rElec  .         Spirit   .     (no cloak)
rCorr  .         Warding  .     (no gloves)
rMut   .         Stasis   .     j - +0 pair of boots
MR     .....                    (no amulet)
Stlth  +.........               (no ring)
                                i - ring of see invisible

@: not resistant to hostile enchantments, very unstealthy
A: no striking features
a: no special abilities


You were on level 1 of the Abyss.
You were near starving.

You visited 1 branch of the dungeon, and saw 7 of its levels.
You visited the Abyss 1 time.
You also visited: Sewer.

You collected 126 gold pieces.

Inventory:

Hand weapons
 a - a +0 short sword (weapon)
 b - a +1 hand crossbow
Armour
 d - a +0 leather armour (worn)
 j - a +0 pair of boots (worn)
 m - a +2 helmet (worn)
Jewellery
 i - a ring of see invisible (left hand)
Magical devices
 c - a wand of fireball (0)
Scrolls
 e - 3 scrolls of enchant weapon
 g - 3 scrolls of remove curse
 h - 2 scrolls of fear
 l - a scroll of identify
 r - 3 scrolls of fog
 v - 2 scrolls of magic mapping {unknown}
 x - a scroll of teleportation {unknown}
 y - a scroll of enchant armour {unknown}
 D - a scroll of recharging {unknown}
Potions
 k - 2 potions of ambrosia
 o - a potion of curing
 p - a potion of resistance {unknown}
 q - a potion of haste {unknown}
 s - a potion of restore abilities {unknown}
 u - a potion of invisibility {unknown}
 w - 3 potions of heal wounds {unknown}
 z - a potion of poison {unknown}
 C - 2 potions of flight {unknown}
 E - a potion of cure mutation {unknown}
 F - a potion of magic {unknown}
Comestibles
 f - a bread ration
 n - a royal jelly
 A - a beef jerky
 B - a meat ration


   Skills:
 + Level 4.7 Fighting
 * Level 7.4 Crossbows
 + Level 4.4 Armour
 + Level 4.9 Dodging
 - Level 1.0 Stealth


You had 7 spell levels left.
You didn't know any spells.

Dungeon Overview and Level Annotations

Branches:
Dungeon (7/15)
 Temple: D:4-7

Altars:
Dithmenos
Gozag
Nemelex Xobeh
Ru
Sif Muna

Annotations:
D:4 Purgy
D:5 trelanon's ghost, experienced GrGl


Message History

The gnoll misses you.
Drink which item? (? for menu, Esc to quit)
You feel better.
The gnoll sergeant hits you from afar with a trident of distortion!
* * * LOW HITPOINT WARNING * * *
You are cast into the Abyss!
To return, you must find a gate leading back.
Welcome to the Abyss!
You sense a powerful magical force warping space.
Found 59 gold pieces.
Unknown command.
Unknown command.
Unknown command.
Unknown command.
Unknown command.
Unknown command.
Unknown command.
Unknown command.
Found a shortbow and 6 gold pieces.
Are you sure you want to abandon this character and quit the game? (Confirm with "yes".)

. .... .
..... # ...
$.....#.#..
....#.#.∩
.....).
#.... #...#
#..@##
#..#..###.#
....
###...#
#... ##..#
... .#.# .
## $. ... .


There were no monsters in sight!

Vanquished Creatures
  3 yaks (D:5)
  A phantom (D:5)
  An ice beast (D:5)
  A sky beast (D:5)
  A big kobold (Sewer)
  A scorpion (D:5)
  A crimson imp (D:5)
  A centaur zombie (D:5)
  A jelly (D:5)
  An orc wizard (D:5)
  A quasit (D:7)
  Natasha (D:4)
  An iguana (D:4)
  4 worker ants
  Terence (D:2)
  A worker ant zombie (D:5)
  2 gnolls (D:7)
  A river rat (Sewer)
  3 adders
  4 worms
  An adder zombie (D:5)
  4 giant geckos
  An ooze (D:1)
  6 orcs
  3 bats
  A bat skeleton (D:4)
  A giant cockroach (D:3)
  7 hobgoblins
  9 jackals
  6 goblins
  A jackal zombie (D:5)
  7 kobolds
  9 rats
87 creatures vanquished.

Vanquished Creatures (others)
  An orc priest (D:6)
  A quokka (D:6)
2 creatures vanquished.

Grand Total: 89 creatures vanquished

Notes
Turn   | Place    | Note
--------------------------------------------------------------
     0 | D:1      | Johnny, the Human Hunter, began the quest for the Orb.
     0 | D:1      | Reached XP level 1. HP: 16/16 MP: 1/1
    62 | D:1      | Reached XP level 2. HP: 20/22 MP: 2/2
   459 | D:2      | Noticed Terence
   482 | D:2      | Reached skill level 1 in Armour
   484 | D:2      | Killed Terence
   484 | D:2      | Reached XP level 3. HP: 19/28 MP: 3/3
   704 | D:2      | Found a shadowy altar of Dithmenos.
   739 | D:2      | Reached XP level 4. HP: 34/34 MP: 4/4
  1506 | D:3      | Reached XP level 5. HP: 36/39 MP: 5/5
  1599 | D:3      | Found a deep blue altar of Sif Muna.
  1677 | D:3      | Found a sacrificial altar of Ru.
  1726 | D:3      | Found a glowing drain.
  1731 | Sewer    | Entered a sewer
  1814 | Sewer    | Reached skill level 5 in Crossbows
  1848 | Sewer    | Found a white marble altar of Elyvilon.
  2011 | D:4      | Reached XP level 6. HP: 43/47 MP: 6/6
  2148 | D:4      | Noticed Natasha
  2151 | D:4      | Killed Natasha
  2176 | D:4      | Noticed Purgy
  2290 | D:4      | Found an opulent altar of Gozag.
  2323 | D:4      | Found a sparkling altar of Nemelex Xobeh.
  2324 | D:4      | Noticed an ogre
  2401 | D:5      | Entered Level 5 of the Dungeon
  2426 | D:5      | Reached XP level 7. HP: 45/52 MP: 7/7
  2449 | D:5      | Noticed a yak
  2451 | D:5      | Noticed a yak
  2456 | D:5      | Noticed a yak
  2459 | D:5      | Killed a yak
  2459 | D:5      | Reached skill level 6 in Crossbows
  2464 | D:5      | Killed a yak
  2477 | D:5      | Killed a yak
  2477 | D:5      | Reached XP level 8. HP: 22/60 MP: 8/8
  2687 | D:5      | Noticed a sky beast
  2706 | D:5      | Noticed an ice beast
  2724 | D:5      | Killed a sky beast
  2735 | D:5      | Killed an ice beast
  2735 | D:5      | Reached skill level 7 in Crossbows
  2907 | D:5      | Noticed trelanon's ghost (experienced GrGl)
  3425 | D:7      | Cast into the Abyss (gnoll sergeant)
  3428 | Abyss:1  | Quit the game

Action                   |  1- 3 |  4- 6 |  7- 9 || total
-------------------------+-------+-------+-------++-------
Melee: Short sword       |       |       |    61 ||    61
 Fire: Hand crossbow     |    67 |   124 |    94 ||   285
Evoke: Wand              |       |       |     1 ||     1
  Use: Scroll            |       |     8 |       ||     8
       Potion            |       |       |     3 ||     3
  Eat: Chunk             |       |     4 |     2 ||     6
